 Dungeon Crawl Stone Soup version 0.30-a0-620-g0e44632947 (webtiles) character file.

Game seed: 16627664016707235000

95 BaabKaare the Firebug (level 4, -1/30 HPs)
             Began as a Human Fire Elementalist on Jan 10, 2023.
             Slain by a gnoll
             ... wielding a +0 flail
              (11 damage)
             ... on level 2 of the Dungeon.
             The game lasted 00:07:00 (3253 turns).

BaabKaare the Firebug (Human Fire Elementalist)     Turns: 3253, Time: 00:07:01

Health: -1/30      AC:  2    Str:  8    XL:     4   Next: 95%
Magic:  1/9        EV: 12    Int: 18    God:
Gold:   89         SH:  0    Dex: 13    Spells: 3/9 levels left

rFire   . . .      SeeInvis .    (no weapon)
rCold   . . .      Faith    .    (no shield)
rNeg    . . .      Spirit   .    a - +0 robe
rPois   .          Reflect  .    (no helmet)
rElec   .          Harm     .    (no cloak)
rCorr   .          Rampage  .    (no gloves)
Will    .....                    (no boots)
Stlth   ++                       (no amulet)
HPRegen 0.25/turn                (no ring)
MPRegen 0.11/turn                (no ring)

@: no status effects
A: no striking features
a: no special abilities


You were on level 2 of the Dungeon.
You visited 1 branch of the dungeon, and saw 4 of its levels.

You collected 89 gold pieces.

Inventory:

Armour
 a - a +0 robe (worn)
Scrolls
 e - a scroll of vulnerability {unknown}
 i - 2 scrolls of fog {unknown}
 k - a scroll of teleportation {unknown}
 l - a scroll of identify {unknown}
Potions
 b - a potion of magic
 c - a potion of heal wounds {unknown}
 d - a potion of cancellation {unknown}
 f - a potion of degeneration {unknown}
 g - a potion of ambrosia {unknown}
 h - a potion of curing {unknown}
 j - 3 potions of brilliance {unknown}
 m - a potion of lignification {unknown}


   Skills:
 + Level 2.2 Dodging
 + Level 2.5 Stealth
 + Level 3.3 Spellcasting
 + Level 1.3 Conjurations
 + Level 3.7 Fire Magic


You had 3 spell levels left.
You knew the following spells:

 Your Spells              Type           Power      Damage    Failure   Level
a - Foxfire               Conj/Fire      48%        2x1d6     5%          1
b - Scorch                Fire           32%        2d6       5%          2
c - Inner Flame           Hex/Fire       9%         N/A       22%         3

Your spell library contained the following spells:

 Spells                   Type           Power      Damage    Failure   Level
 Kindle Blastsparks       Fire/Tloc/Air  14%        2d11      28%         3
 Flame Wave               Conj/Fire      12%        2d6       50%         4


Dungeon Overview and Level Annotations

Branches:
Dungeon (4/15)
 Temple: D:4-7

Altars:

Annotations:
D:2 Sigmund


Message History

The gnoll is heavily wounded.
The gnoll's fire resistance burns away.
A rat comes into view.
Casting: Scorch (safe; 5% risk of failure)
Confirm with . or Enter, or press ? or * to list all spells.
Flames lash the gnoll.
The gnoll is heavily wounded.
The gnoll's fire resistance burns away.
The gnoll hits you with a +0 whip.
Casting: Scorch (safe; 5% risk of failure)
Confirm with . or Enter, or press ? or * to list all spells.
Flames lash the gnoll.
The gnoll is burned terribly!
You kill the gnoll!
Casting: Scorch (safe; 5% risk of failure)
Confirm with . or Enter, or press ? or * to list all spells.
Flames lash the gnoll.
The gnoll is lightly wounded.
The gnoll's fire resistance burns away.
The gnoll hits you with a +0 flail.
Casting: Scorch (safe; 5% risk of failure)
Confirm with . or Enter, or press ? or * to list all spells.
You don't have enough magic to cast this spell.
The gnoll is no longer more vulnerable to fire.
Casting: Scorch (safe; 5% risk of failure)
Confirm with . or Enter, or press ? or * to list all spells.
You don't have enough magic to cast this spell.
The gnoll attacks as you move away! The gnoll hits you with a +0 flail!
The gnoll is no longer more vulnerable to fire.
The gnoll attacks as you move away! The gnoll hits you with a +0 flail.
The gnoll attacks as you move away! The gnoll barely misses you.
Casting: Scorch (safe; 5% risk of failure)
Confirm with . or Enter, or press ? or * to list all spells.
Flames lash the gnoll.
The gnoll is heavily wounded.
The gnoll's fire resistance burns away.
The gnoll completely misses you. The gnoll attacks as you move away!
The gnoll hits you with a +0 flail!
* * * LOW HITPOINT WARNING * * *
The gnoll attacks as you move away! The gnoll misses you.
The gnoll attacks as you move away! The gnoll misses you.
The gnoll is no longer more vulnerable to fire.
The gnoll attacks as you move away! The gnoll hits you with a +0 flail!
You die...

...###########.#####.....##.#
##.# #........########.# #.#
#.##.###.# #.# ##'## #.#..# #.#
#.# #...## #.#.## #.# #.# .....##
#.#.####.# ##.# ......##
#........# ##..#
.......####...###########...####.
...>...'........@g.g.r........)'.
.......####...###########...####.
......## ##..# #.....# .....##
##.# #.##### #..>## ###.# #.#
##'## #...# #.# #.# #.###
#.######### #.# #.# #.#(.......
##.## #.# #.#........


You could see 2 gnolls and a rat.

Vanquished Creatures
  Jessica (D:2)
  An adder (D:2)
  A gnoll (D:2)
  2 worms (D:2)
  3 dart slugs (D:2)
  2 ball pythons (D:1)
  3 endoplasms (D:1)
  7 goblins
  3 hobgoblins
  3 quokkas
  3 bats
  A frilled lizard (D:1)
  5 kobolds
  4 rats
39 creatures vanquished.

Vanquished Creatures (others)
  25 foxfires
25 creatures vanquished.

Grand Total: 64 creatures vanquished

Notes
Turn   | Place    | Note
-------+----------+-------------------------------------------
     0 | D:1      | BaabKaare the Human Fire Elementalist began the quest for
                  | the Orb.
     0 | D:1      | Reached XP level 1. HP: 13/13 MP: 3/3
    47 | D:1      | Found a faded altar of an unknown god.
   470 | D:2      | Reached XP level 2. HP: 19/19 MP: 3/5
   473 | D:2      | Learned a level 2 spell: Scorch
  1138 | D:2      | Reached XP level 3. HP: 24/24 MP: 3/6
  2069 | D:2      | Learned a level 3 spell: Inner Flame
  2100 | D:2      | Noticed Sigmund
  2463 | D:3      | Reached XP level 4. HP: 30/30 MP: 2/7
  2991 | D:2      | Noticed Jessica
  3000 | D:2      | Killed Jessica
  3253 | D:2      | Slain by a gnoll

Illustrated notes

Levels and vault maps discovered:
D:1:      mrwooster_arrival_statue_3, layout_loops_ring,
          chequers_ecumenical_altar_island, amcnicky_mini_rare_corridor_liquid,
          grunt_decor_fettered
D:2:      minmay_chambers_of_twos, layout_loops_corners,
          minmay_large_rounded_square, uniq_sigmund, uniq_jessica
D:3:      layout_basic
D:4:      cheibrodos_quashed, layout_basic,
          minmay_temple_entry_statues_fountains, uniq_edmund, uniq_robin,
          uniq_grinder

Skill      XL: |  1  2  3  4 |
---------------+-------------+-----
Spellcasting   | 3 |  3.3
Dodging        | |  2.2
Stealth        | |  2.5
Conjurations   | |  1.3
Fire Magic     | |  3.7

Action                   |  1- 3 |  4- 6 || total
-------------------------+-------+-------++-------
 Cast: Foxfire           |    14 |     1 ||    15
       Scorch            |    28 |    16 ||    44
       Inner Flame       |     1 |       ||     1
Armor: Robe              |     5 |       ||     5
Dodge: Dodged            |    10 |     5 ||    15

Table legend: (Time is in decaauts)
 A = Elapsed time spent in this place.
 B = Non-inter-level travel time spent in this place.
 C = Inter-level travel time spent in this place.
 D = Time resting spent in this place.
 E = Time spent auto-exploring this place.
 F = Levels seen in this place.
 G = Mean time per level.
                   A        B        C        D        E       F      G
               +--------+--------+--------+--------+--------+-----+--------+
         Total |   3268 |   3213 |     55 |   1802 |    625 |   4 |  817.0 |
       Dungeon |   3268 |   3213 |     55 |   1802 |    625 |   4 |  817.0 |
               +--------+--------+--------+--------+--------+-----+--------+

Top non-repeatable levels by time:
     D:1: 1993 daAuts
     D:2: 1174 daAuts
     D:3: 88 daAuts
     D:4: 11 daAuts
